 Dungeon Crawl Stone Soup version 0.31-a0-237-g2d982f9f85 (webtiles) character file.

Game seed: 1416692813442928740

133 qw the Shooter (level 5, -4/30 HPs)
             Began as a Gargoyle Hexslinger on July 11, 2023.
             Slain by an iguana (7 damage)
             ... on level 4 of the Dungeon.
             The game lasted 00:00:59 (2628 turns).

qw the Shooter (Gargoyle Hexslinger)                Turns: 2628, Time: 00:01:00

Health: -4/30      AC:  8    Str: 11    XL:     5   Next: 16%
Magic:  6/6        EV: 11    Int: 14    God:
Gold:   110        SH:  0    Dex: 14    Spells: 5/6 levels left

rFire   . . .        Y - +2 sling
rCold   . . .        (no shield)
rNeg    + . .        i - +0 leather armour
rPois   inf          e - +0 helmet
rElec   +            (no cloak)
rCorr   .            (no gloves)
SInv    .            (no boots)
Will    .....        (no amulet)
Stlth   +            (no ring)
HPRegen 0.25/turn    (no ring)
MPRegen 0.10/turn

%: no passive effects
@: no status effects
A: sickness immunity, AC +4, negative energy resistance 1, electricity
resistance, torment resistance 1, petrification resistance
a: no special abilities


You were on level 4 of the Dungeon.
You visited 1 branch of the dungeon, and saw 4 of its levels.

You collected 110 gold pieces.


Innate Abilities, Weirdness & Mutations

You are immune to sickness and miasma.
Your stone body is resilient. (AC +4)
You are immune to poison.
You resist negative energy. (rN+)
You are resistant to electric shocks. (rElec)
You are resistant to unholy torment.
You are immune to petrification.


   Skills:
 - Level 2.0 Fighting
 + Level 4.9 Ranged Weapons
 - Level 1.5 Dodging
 - Level 1.0 Spellcasting
 - Level 2.6 Hexes


You had 5 spell levels left.
You knew the following spells:

 Your Spells              Type           Power      Damage    Failure   Level
a - Slow                  Hex            32%        N/A       12%         1

Your spell library contained the following spells:

 Spells                   Type           Power      Damage    Failure   Level
 Inner Flame              Hex/Fire       4%         N/A       52%         3
 Portal Projectile        Hex/Tloc       8%         N/A       52%         3
 Cause Fear               Hex            4%         N/A       75%         4

Inventory:

Hand Weapons
 Y - a +2 sling (weapon)
Armour
 e - a +0 helmet (worn)
 i - a +0 leather armour (worn)
Scrolls
 a - a scroll of identify
Potions
 b - a potion of mutation
 c - a potion of attraction {unknown}
 d - a potion of might
 f - a potion of degeneration {unknown}
 g - a potion of enlightenment {unknown}
 h - a potion of lignification {unknown}
 j - a potion of heal wounds {unknown}

Dungeon Overview and Level Annotations

Branches:
Dungeon (4/15)
 Temple: D:4-7

Altars:

Shops:
D:1 *

Annotations:
D:3 1 runed translucent door, Crazy Yiuf


Message History

You kill the jackal!
The jackal bites you but does no damage.
You shoot a sling bullet. The sling bullet hits the jackal.
The jackal is moderately wounded.
The jackal barely misses you.
You shoot a sling bullet.
The sling bullet barely misses the jackal.
The sling bullet hits the iguana.
The iguana is lightly wounded.
The jackal misses you.
The jackal bites you but does no damage.
You shoot a sling bullet. The sling bullet hits the jackal.
You kill the jackal!
You shoot a sling bullet. The sling bullet hits the iguana.
The iguana is moderately wounded.
The iguana bites you!
The iguana bites you but does no damage.
You shoot a sling bullet.
The sling bullet closely misses the iguana.
The sling bullet hits the endoplasm.
The endoplasm is heavily wounded.
The iguana bites you!
You shoot a sling bullet. The sling bullet hits the iguana.
The iguana is heavily wounded.
The iguana barely misses you.
You shoot a sling bullet.
The sling bullet barely misses the iguana.
The sling bullet hits the endoplasm.
You kill the endoplasm!
The iguana bites you.
You shoot a sling bullet.
The sling bullet closely misses the iguana.
The iguana bites you. x2
You shoot a sling bullet.
The sling bullet closely misses the iguana.
The iguana closely misses you.
You shoot a sling bullet. The sling bullet hits the iguana.
The iguana is severely wounded.
The iguana bites you!
You die...

#.## #.## ~ #.##
.. ##.## ...#
..## ..... #.#
......#### #.##
......l@.#
#######...
......##.###
........## .....
#.#.. #######.#
.... #.#.# #.#
... #.#.# #.# ..
#.#.# #:# .
#.#.## #/#
#....#########.#
###............#


You could see an iguana.

Vanquished Creatures
  Jessica (D:2)
  Robin (D:2)
  2 adders
  2 worms
  A dart slug (D:3)
  4 ball pythons
  3 bats (D:1)
  3 endoplasms
  2 giant cockroaches
  15 goblins
  5 hobgoblins
  8 jackals
  8 kobolds
  2 quokkas (D:1)
  2 frilled lizards (D:1)
  9 rats
68 creatures vanquished.

Notes
Turn   | Place    | Note
-------+----------+-------------------------------------------
     0 | D:1      | qw the Gargoyle Hexslinger began the quest for the Orb.
     0 | D:1      | Reached XP level 1. HP: 12/12 MP: 2/2
     0 | D:1      | 0 ||| qw: Version: 0.3-a-52-g30416fa
     0 | D:1      | 0 ||| qw: Game counter: 5604
     0 | D:1      | 0 ||| qw: Melee chars always use a shield: true
     0 | D:1      | 0 ||| qw: God list: Okawaru
     0 | D:1      | 0 ||| qw: Allow faded altars: false
     0 | D:1      | 0 ||| qw: Do Orc after clearing Dungeon:15 true
     0 | D:1      | 0 ||| qw: Do second Lair branch before Depths: true
     0 | D:1      | 0 ||| qw: Lair rune preference: random
     0 | D:1      | 0 ||| qw: Goals: Normal
     0 | D:1      | 0 ||| PLANNING D:1-11
    55 | D:1      | Found Laomaets's Assorted Antiques.
    60 | D:1      | 60 ||| SHOPLISTING encrusted brass wand (92 gold, have 0).
    60 | D:1      | 60 ||| SHOPLISTING leather armour (46 gold, have 0).
    60 | D:1      | 60 ||| SHOPLISTING scroll labelled HURAMUG QOTRY (23 gold,
                  | have 0).
    60 | D:1      | 60 ||| SHOPLISTING scroll labelled WAAJEL SUFIZ (23 gold,
                  | have 0).
   141 | D:1      | Reached XP level 2. HP: 16/16 MP: 3/3
   220 | D:1      | Reached skill level 3 in Ranged Weapons
   229 | D:1      | Found a faded altar of an unknown god.
   267 | D:1      | 267 ||| Stepping ~*~*~tactically~*~*~ (outnumbered).
   488 | D:1      | Reached XP level 3. HP: 21/21 MP: 4/4
   850 | D:1      | 850 ||| UPGRADING to +0 leather armour.
   860 | D:1      | 860 ||| DROPPING +0 robe.
   861 | D:1      | 861 ||| READING 3 scrolls labelled YGOULI KISIMPA.
   862 | D:1      | 862 ||| READING scroll labelled UGUTAE YBIZI.
   863 | D:1      | 863 ||| READING 2 scrolls of identify.
   863 | D:1      | 863 ||| IDENTIFYING smoky golden potion
   864 | D:1      | 864 ||| DROPPING scroll of poison.
  1489 | D:2      | You fall into a shaft and drop 1 floor!
  1490 | D:3      | 1490 ||| READING scroll labelled MOUBOMOSTRE.
  1620 | D:2      | Noticed Robin
  1631 | D:2      | Reached XP level 4. HP: 17/26 MP: 5/5
  1635 | D:2      | HP: 6/26 [goblin/+0 dagger[Robin] (2)]
  1642 | D:2      | HP: 5/26 [Robin/+0 spear (1)]
  1645 | D:2      | Killed Robin
  1646 | D:2      | Reached skill level 4 in Ranged Weapons
  1647 | D:2      | HP: 6/26 [goblin/+0 dagger[Robin] (1)]
  1654 | D:2      | HP: 2/26 [goblin/+0 club[Robin] (4)]
  1790 | D:2      | Noticed Jessica
  1795 | D:2      | Killed Jessica
  2015 | D:2      | 2015 ||| UPGRADING to +0 helmet.
  2238 | D:3      | Reached XP level 5. HP: 30/30 MP: 6/6
  2451 | D:3      | Found a runed translucent door.
  2452 | D:3      | Noticed Crazy Yiuf
  2519 | D:3      | 2519 ||| READING scroll labelled OMAUMUD JENI.
  2520 | D:3      | 2520 ||| READING 2 scrolls labelled WAAJEL SUFIZ.
  2521 | D:3      | 2521 ||| READING scroll labelled GIETATE SEGUGE.
  2522 | D:3      | 2522 ||| READING 2 scrolls of identify.
  2522 | D:3      | 2522 ||| IDENTIFYING bubbling emerald potion
  2523 | D:3      | 2523 ||| DROPPING scroll of noise.
  2626 | D:4      | HP: 6/30 [iguana (4)]
  2628 | D:4      | Slain by an iguana

Levels and vault maps discovered:
D:1:      beargit_arrival_diablo_church, layout_basic, serial_shops,
          nicolae_shop_rolling_square, shapermc_ecumenical_altar_ellora,
          minmay_strange_pillars, minmay_tetromino_o2
D:2:      layout_loops_corners, nicolae_concentric_dashed_squares_mild,
          minivault_24, kennysheep_another_room, uniq_robin, uniq_jessica
D:3:      layout_basic, uniq_crazy_yiuf_cottage
D:4:      layout_loops_ring, nicolae_overflow_two_pavilions,
          minmay_misc_feat_hallway, grunt_ministairs_14

Skill      XL: |  1  2  3  4 |
---------------+-------------+-----
Ranged Weapons | 3 4 |  4.9
Fighting       | 2 |  2.0
Dodging        | |  1.5
Spellcasting   | |  1.0
Hexes          | |  2.6

Action                     |  1- 3 |  4- 6 || total
---------------------------+-------+-------++-------
   Fire: Sling             |   148 |    95 ||   243
    Use: Scroll            |     4 |     4 ||     8
 Armour: Robe              |    11 |       ||    11
         Leather armour    |    45 |    30 ||    75
  Dodge: Dodged            |    77 |    41 ||   118

Table legend:
 A = Non-vault XP
 B = Vault XP
 C = Vault XP percentage of total XP
 D = Non-vault monster count
 E = Vault monster count
 F = Vault count percentage of total count
                 A         B        C        D         E       F
            +---------+---------+-------+---------+---------+-------
      Total |     114 |      77 |  40.3 |      52 |      16 |  23.5
            +---------+---------+-------+---------+---------+-------
        D:1 |      32 |       5 |  13.5 |      21 |       3 |  12.5
        D:2 |      39 |      72 |  64.9 |      15 |      13 |  46.4
        D:3 |      33 |       0 |   0.0 |      11 |       0 |   0.0
        D:4 |      10 |       0 |   0.0 |       5 |       0 |   0.0
            +---------+---------+-------+---------+---------+-------
